 Dungeon Crawl Stone Soup version 0.12.2-34-gf45b194 (webtiles) character file.

18140 Sachiko the Spry (level 12, -2/51 HPs)
             Began as a Spriggan Enchanter on Sept 9, 2013.
             Was a High Priest of Nemelex Xobeh.
             Slain by a komodo dragon (14 damage)
             ... on Level 13 of the Dungeon.
             The game lasted 01:54:24 (13786 turns).

Sachiko the Spry (Spriggan Enchanter)              Turns: 13786, Time: 01:54:24

HP  -2/51        AC  4     Str  8      XL: 12   Next: 16%
MP  19/29        EV 34     Int 18      God: Nemelex Xobeh [*****.]
Gold 682         SH  0     Dex 16      Spells:  6 memorised,  5 levels left

Res.Fire  : + . .   See Invis. : +   a - +2,+0 dagger {=f}
Res.Cold  : . . .   Warding    : .   A - +2 robe {rF+}
Life Prot.: . . .   Conserve   : .   (shield restricted)
Res.Poison: .       Res.Corr.  : .   (helmet restricted)
Res.Elec. : .       Clarity    : .   (no cloak)
Sust.Abil.: . .     Spirit.Shd : .   (gloves unavailable)
Res.Mut.  : .       Stasis     : .   (boots unavailable)
Res.Rott. : .       Ctrl.Telep.: .   (no amulet)
Saprovore : . . .   Flight     : .   f - ring of regeneration
                                     r - +3 ring of evasion

@: non-regenerating, badly diseased, very quick, quite resistant to hostile
enchantments, extremely stealthy
A: unfitting armour, see invisible, herbivore 3, speed 3, slow metabolism 2
a: Draw One, Peek at Two, Triple Draw, Deal Four, Stack Five, Renounce Religion


You were on level 13 of the Dungeon.
You worshipped Nemelex Xobeh.
Nemelex Xobeh was exalted by your worship.
You were not hungry.

You visited 2 branches of the dungeon, and saw 14 of its levels.

You collected 750 gold pieces.
You spent 88 gold pieces at shops.

Inventory:

Hand weapons
 a - a +2,+0 dagger (weapon) {=f}
 z - a +1,+2 dagger of chaos
Missiles
 d - 12 darts (quivered)
Armour
 A - a +2 robe of fire resistance (worn)
Magical devices
 i - a wand of disintegration (16)
 l - a wand of magic darts (9)
 u - a wand of cold (6)
 C - a wand of paralysis (16)
 D - a wand of lightning (2)
 J - a wand of confusion (8)
 K - a wand of fireball (5)
Comestibles
 g - 5 bread rations
 j - 7 apples
 P - 5 oranges
 R - 6 pears
 S - 4 bananas
Scrolls
 k - 7 scrolls of identify
 m - a scroll of fear
 n - 5 scrolls of remove curse
 q - a scroll of enchant weapon II
 F - a scroll of teleportation
 I - a scroll of summoning
 N - a scroll of recharging
Jewellery
 f - a ring of regeneration (right hand)
 h - an uncursed ring of teleportation
 r - a +3 ring of evasion (left hand)
 t - an uncursed ring of ice
 G - an uncursed ring of flight
Potions
 e - a potion of porridge
 o - a potion of restore abilities
Books
 c - a book of Maledictions

   Spells                             Type                      Level
   *Corona                            Hexes                        1
   *Sure Blade                        Hexes/Charms                 2
   *Ensorcelled Hibernation           Hexes/Ice                    2
   *Confuse                           Hexes                        3
   *Enslavement                       Hexes                        4
   *Invisibility                      Hexes                        6
 p - a book of Summonings

   Spells                             Type                      Level
   Abjuration                         Summoning                    3
   Recall                             Summoning/Translocation      3
   Summon Elemental                   Summoning                    4
   Shadow Creatures                   Summoning                    5
   Summon Demon                       Summoning                    5
   Summon Ugly Thing                  Summoning                    6
 s - a book of Fire

   Spells                             Type                      Level
   Fire Brand                         Charms/Fire                  2
   Ignite Poison                      Fire/Transmutation           5
   Fireball                           Conjuration/Fire             5
   Bolt of Fire                       Conjuration/Fire             6
   Delayed Fireball                   Conjuration/Fire             7
   Ring of Flames                     Charms/Fire                  7
   Dragon Form                        Fire/Transmutation           7
 w - a Necronomicon {highlevel}

   This book is beyond your current level of understanding.

   Spells                             Type                      Level
   Borgnjor's Revivification          Necromancy                   7
   Haunt                              Necromancy/Summoning         7
   Death's Door                       Charms/Necromancy            8
   Necromutation                      Transmutation/Necromancy     8
 x - a book of Wizardry

   Spells                             Type                      Level
   Summon Elemental                   Summoning                    4
   Agony                              Necromancy                   5
   Lightning Bolt                     Conjuration/Air              5
   Fireball                           Conjuration/Fire             5
   Haste                              Charms                       6
   *Invisibility                      Hexes                        6
Miscellaneous
 v - a plain deck of escape {drawn: 4}
 y - a legendary deck of destruction {drawn: 6}
 B - a plain deck of wonders {drawn: 2}
 H - an ornate deck of summonings {drawn: 4}
 L - a legendary deck of defence {drawn: 2}
 M - a plain deck of dungeons {drawn: 1}
 O - an ornate deck of summonings {drawn: 1}
 Q - a legendary deck of escape {drawn: 2}


   Skills:
 - Level 0.5 Fighting
 - Level 1.1 Short Blades
 - Level 1.1 Throwing
 - Level 16.1 Dodging
 * Level 11.4 Stealth
 - Level 12.2 Stabbing
 * Level 6.5 Traps
 - Level 6.1 Spellcasting
 - Level 13.3 Hexes
 - Level 2.0 Ice Magic
   Level 3.3 Earth Magic
 - Level 3.8 Evocations


You had 5 spell levels left.
You knew the following spells:

 Your Spells              Type           Power        Failure   Level  Hunger
a - Corona                Hex            #######.     1%          1    None
b - Ensorcelled Hibernat  Hex/Ice        #####..      1%          2    None
c - Confuse               Hex            #######..    1%          3    ##.....
d - Enslavement           Hex            #######..    1%          4    ####...
e - Invisibility          Hex            #######..    10%         6    #######
f - Sure Blade            Hex/Chrm       #####.....   1%          2    None


Dungeon Overview and Level Annotations

Branches:
Dungeon (13/27)            Temple (1/1) D:7             Orc (0/4) D:8
   Lair (0/8) D:13

Altars:
Ashenzari
Cheibriados
Elyvilon
Fedhas
Kikubaaqudgha
Makhleb
Nemelex Xobeh
Okawaru
Sif Muna
Trog
Vehumet
Xom
Yredelemnul
Zin
the Shining One

Shops:
D:5: ? D:12: /


Innate Abilities, Weirdness & Mutations

You are tiny and cannot use many weapons and most armour.
You have supernaturally acute eyesight.
You are a herbivore.
You cover ground extremely quickly.
You need consume almost no food.


Message History

Okay, then.
Casting: Confuse
Confirm with . or Enter, or press ? or * to list all spells.
Aiming: Ensorcelled Hibernation
Press: ? - help, Shift-Dir - straight line, f - komodo dragon
Aim: a komodo dragon (lightly wounded)
The komodo dragon resists with some effort.
You completely miss the komodo dragon.
The komodo dragon is lightly wounded.
The komodo dragon bites you.
* * * LOW HITPOINT WARNING * * *
You feel ill.
Casting: Ensorcelled Hibernation
Confirm with . or Enter, or press ? or * to list all spells.
Aiming: Ensorcelled Hibernation
Press: ? - help, Shift-Dir - straight line, f/p - komodo dragon
Aim: a komodo dragon (lightly wounded)
The komodo dragon struggles to resist.
The komodo dragon bites you!
You die...
Your body disappears without a glow.

.#...............#
.#######.........#
....# ##.........#
....# #...%#####.#
########...'.....#
+.+ #...#####.# ##
#.# #......##.# .#
+.+ #......##.# .#
#.# #......##@# .#
+.+ #......##l#
.###.###......##.#
.#.'.'.#....####.#
.###.###..... ..#
.#.'.'.#.... #.#
.###.###.... #.#
.#.'.'.#....# #.#
.###.###...# #.#


You could see a komodo dragon.

Vanquished Creatures
  Gastronok (D:9)
  Harold (D:10)
  A wolf spider zombie (D:13)
  Erolcha (D:10)
  2 centaur warriors (D:13)
  3 unseen horrors
  Pikel (D:8)
  3 hill giants
  Maurice (D:9)
  A griffon zombie (D:13)
  A hill giant zombie (D:13)
  A slime creature (D:10)
  Psyche (D:8)
  5 ugly things (D:13)
  Grinder (D:4)
  A komodo dragon (D:9)
  3 trolls
  2 yaks (D:12)
  2 wyverns
  3 wraiths
  5 hungry ghosts
  A fire drake (D:13)
  A soldier ant (D:11)
  2 necrophages
  Menkaure (D:6)
  2 manticores
  A cyclops zombie (D:8)
  2 tengu (D:13)
  A yaktaur skeleton (D:13)
  A sky beast (D:11)
  2 phantoms (D:10)
  A human zombie (D:13)
  A hippogriff zombie (D:9)
  An orc warrior (D:6)
  5 centaurs
  4 big kobolds
  A lava worm (D:13)
  3 ogres
  A troll skeleton (D:13)
  A brain worm (D:13)
  5 giant frogs
  A two-headed ogre zombie (D:12)
  Blork the orc (D:7)
  An eye of draining (D:9)
  23 wights
  A killer bee (D:8)
  A lava snake (D:13)
  A lava fish (D:13)
  A goliath beetle (D:12)
  10 hounds
  7 crimson imps
  2 shadows
  A mottled dragon skeleton (D:12)
  7 orc priests
  A quasit (D:10)
  16 orc wizards
  4 scorpions
  A hound skeleton (D:8)
  A deep elf soldier (D:9)
  An iguana (D:12)
  4 worker ants
  6 jellies
  Terence (D:2)
  A mummy (D:9)
  2 gnolls (D:4)
  9 adders
  2 iguana skeletons
  A human skeleton (D:13)
  2 worms
  A grey rat (D:8)
  A giant eyeball (D:9)
  4 giant geckos
  3 oozes
  36 orcs
  3 ball pythons
  12 bats
  13 hobgoblins
  5 jackals
  74 kobolds
  A quokka (D:4)
  4 giant cockroaches
  4 giant newts
  2 giant spores (D:13)
  7 goblins
  10 rats
  A ballistomycete (D:13)
367 creatures vanquished.

Vanquished Creatures (collateral kills)
  4 slime creatures (D:10)
  A vampire mosquito (D:10)
  3 yaks (D:12)
  2 orcs (D:10)
10 creatures vanquished.

Vanquished Creatures (others)
  A dancing weapon (D:12)
  A komodo dragon (D:13)
  A vampire mosquito (D:10)
  2 slaves (D:8)
  3 killer bees (D:8)
  A big fish (D:13)
  An adder (D:8)
  A lemure (D:10)
  A goblin (D:1)
  2 kobolds
14 creatures vanquished.

Grand Total: 391 creatures vanquished

Notes
Turn   | Place    | Note
--------------------------------------------------------------
     0 | D:1      | Sachiko, the Spriggan Enchanter, began the quest for the Orb.
     0 | D:1      | Reached XP level 1. HP: 9/9 MP: 4/4
   184 | D:1      | Reached XP level 2. HP: 5/13 MP: 6/6
   188 | D:1      | Learned a level 2 spell: Ensorcelled Hibernation
  1312 | D:2      | Reached skill level 4 in Stabbing
  1397 | D:2      | Reached XP level 3. HP: 9/16 MP: 1/9
  1430 | D:2      | Noticed Terence
  1522 | D:2      | Killed Terence
  1547 | D:2      | Reached skill level 5 in Stabbing
  1563 | D:2      | Reached skill level 1 in Ice Magic
  1912 | D:3      | Reached XP level 4. HP: 21/21 MP: 0/11
  2033 | D:3      | Found a burning altar of Makhleb.
  2204 | D:3      | Found a shattered altar of Ashenzari.
  2616 | D:4      | Reached skill level 6 in Stabbing
  2616 | D:4      | Reached XP level 5. HP: 24/24 MP: 3/13
  2693 | D:4      | Learned a level 3 spell: Confuse
  2925 | D:4      | Noticed a big kobold
  2928 | D:4      | Killed a big kobold
  2928 | D:4      | Reached skill level 7 in Stabbing
  2928 | D:4      | Reached XP level 6. HP: 28/28 MP: 8/16
  2932 | D:4      | Noticed a big kobold
  3301 | D:4      | Killed a big kobold
  3301 | D:4      | Reached skill level 8 in Stabbing
  3356 | D:4      | Noticed Grinder
  3372 | D:4      | Killed Grinder
  3372 | D:4      | Reached skill level 9 in Stabbing
  3372 | D:4      | Reached XP level 7. HP: 28/32 MP: 7/20
  3714 | D:4      | Noticed a big kobold
  3777 | D:4      | Killed a big kobold
  4255 | D:5      | Entered Level 5 of the Dungeon
  4477 | D:5      | Found Umomoc's Magic Scroll Emporium.
  4497 | D:5      | Bought a scroll of identify for 22 gold pieces
  4497 | D:5      | Bought a scroll of identify for 22 gold pieces
  4497 | D:5      | Bought 2 scrolls of identify for 44 gold pieces
  4529 | D:5      | Found a glowing silver altar of Zin.
  4560 | D:6      | Noticed a hill giant zombie
  4618 | D:6      | Found a blossoming altar of Fedhas.
  4649 | D:6      | Reached skill level 5 in Spellcasting
  4868 | D:6      | Reached skill level 5 in Dodging
  4868 | D:6      | Reached XP level 8. HP: 36/36 MP: 2/23
  5041 | D:6      | Noticed Menkaure
  5060 | D:6      | Killed Menkaure
  5060 | D:6      | Reached skill level 10 in Stabbing
  5420 | D:7      | Noticed Blork the orc
  5425 | D:7      | Killed Blork the orc
  5890 | D:7      | Reached XP level 9. HP: 35/39 MP: 10/25
  5920 | D:7      | Reached skill level 5 in Hexes
  5944 | D:7      | Found a staircase to the Ecumenical Temple.
  5960 | D:7      | Reached XP level 8. HP: 26/36 MP: 12/24
  6006 | Temple   | Entered the Ecumenical Temple
  6175 | Temple   | Became a worshipper of Nemelex Xobeh
  6234 | D:7      | Received a gift from Nemelex Xobeh
  6413 | D:7      | Acquired Nemelex Xobeh's first power
  6514 | D:7      | Reached skill level 11 in Stabbing
  6564 | D:8      | Reached XP level 9. HP: 29/39 MP: 18/25
  6612 | D:8      | Noticed Pikel
  6629 | D:8      | Killed Pikel
  6648 | D:8      | Received a gift from Nemelex Xobeh
  6681 | D:8      | Noticed Psyche
  6684 | D:8      | Found a staircase to the Orcish Mines.
  6795 | D:8      | Killed Psyche
  6795 | D:8      | Reached skill level 12 in Stabbing
  7040 | D:8      | Acquired Nemelex Xobeh's second power
  7139 | D:8      | Found a sparkling altar of Nemelex Xobeh.
  7227 | D:8      | Learned a level 4 spell: Enslavement
  7554 | D:8      | Found a shimmering altar of Xom.
  7803 | D:8      | Received a gift from Nemelex Xobeh
  7824 | D:9      | Noticed Gastronok
  7891 | D:10     | Entered Level 10 of the Dungeon
  7907 | D:10     | Noticed a slime creature
  7915 | D:10     | Noticed a slime creature
  7926 | D:10     | Noticed Harold
  8264 | D:9      | Reached skill level 1 in Evocations
  8416 | D:9      | Reached skill level 5 in Stealth
  8532 | D:9      | Noticed Maurice
  8535 | D:9      | Paralysed by a giant eyeball for 4 turns
  8917 | D:9      | Killed Maurice
  8917 | D:9      | Reached XP level 10. HP: 31/44 MP: 22/27
  9008 | D:9      | Acquired Nemelex Xobeh's third power
  9043 | D:9      | Paralysed by a giant eyeball for 2 turns
  9052 | D:9      | Paralysed by a giant eyeball for 4 turns
  9156 | D:9      | Killed Gastronok
  9156 | D:9      | Reached skill level 10 in Dodging
  9156 | D:9      | Reached skill level 10 in Hexes
  9477 | D:9      | Received a gift from Nemelex Xobeh
  9548 | D:10     | Noticed an unseen horror
  9554 | D:10     | Killed an unseen horror
  9558 | D:10     | Noticed Erolcha
  9579 | D:10     | Killed Erolcha
  9626 | D:10     | Killed Harold
  9626 | D:10     | Reached XP level 11. HP: 33/47 MP: 0/28
  9646 | D:10     | Noticed a slime creature
  9649 | D:10     | Acquired Nemelex Xobeh's fourth power
  9651 | D:10     | Noticed a slime creature
  9662 | D:10     | Killed a slime creature
  9674 | D:10     | Noticed a slime creature
  9677 | D:10     | Killed a slime creature
  9684 | D:10     | Killed a slime creature
  9688 | D:10     | Killed a slime creature
  9695 | D:10     | Killed a slime creature
  9695 | D:10     | Reached skill level 13 in Hexes
  9704 | D:10     | Received a gift from Nemelex Xobeh
 10023 | D:10     | Paralysed by you for 2 turns
 10348 | D:11     | Noticed an unseen horror
 10356 | D:11     | Killed an unseen horror
 10385 | D:11     | Learned a level 6 spell: Invisibility
 10388 | D:11     | Learned a level 2 spell: Sure Blade
 10679 | D:11     | Acquired Nemelex Xobeh's fifth power
 11461 | D:12     | Received a gift from Nemelex Xobeh
 11480 | D:12     | Identified a scroll of acquirement
 11512 | D:12     | Reached skill level 1 in Traps
 11570 | D:12     | Found Urghiopli's Magical Wand Emporium.
 11678 | D:12     | Noticed a hill giant
 11743 | D:12     | Killed a hill giant
 11869 | D:12     | Received a gift from Nemelex Xobeh
 12012 | D:12     | Reached skill level 14 in Dodging
 12065 | D:13     | Noticed a centaur warrior
 12069 | D:13     | Killed a centaur warrior
 12156 | D:13     | Noticed a hill giant
 12157 | D:13     | Found a staircase to the Lair.
 12224 | D:13     | Killed a hill giant
 12224 | D:13     | Reached skill level 10 in Stealth
 12507 | D:13     | Noticed an unseen horror
 12512 | D:13     | Killed an unseen horror
 12512 | D:13     | Reached skill level 15 in Dodging
 12791 | D:13     | Reached skill level 5 in Traps
 12832 | D:13     | Noticed a wolf spider zombie
 12887 | D:13     | Received a gift from Nemelex Xobeh
 12900 | D:12     | Noticed a great orb of eyes
 13011 | D:13     | Killed a wolf spider zombie
 13011 | D:13     | Reached skill level 1 in Earth Magic
 13324 | D:13     | Reached XP level 12. HP: 4/51 MP: 10/29
 13465 | D:13     | Noticed a hill giant
 13476 | D:13     | Noticed a centaur warrior
 13479 | D:13     | Killed a hill giant
 13555 | D:13     | Killed a centaur warrior
 13555 | D:13     | Reached skill level 16 in Dodging
 13786 | D:13     | Slain by a komodo dragon

Action                   |  1- 3 |  4- 6 |  7- 9 | 10-12 || total
-------------------------+-------+-------+-------+-------++-------
Melee: Dagger            |    80 |   177 |   543 |   554 ||  1354
 Cast: Ensorcelled Hiber |    26 |    38 |   164 |   131 ||   359
       Confuse           |       |     4 |    46 |    74 ||   124
Invok: Draw One          |       |       |    16 |    18 ||    34
 Abil: Evoke Teleportati |       |       |       |     1 ||     1
Evoke: Deck              |       |       |     1 |    11 ||    12
       Wand              |       |       |     1 |     7 ||     8
  Use: Potion            |     4 |     1 |     8 |    10 ||    23
       Scroll            |     6 |     2 |    11 |     9 ||    28
 Stab: Sleeping          |    21 |    29 |    91 |    83 ||   224
       Distracted        |     1 |     1 |       |     3 ||     5
       Confused          |       |     2 |    15 |    46 ||    63
       Invisible         |       |       |       |     2 ||     2
